| TOP OF THE 1ST |
|
Missoula Osprey batting - Pitching for San Diego (APP) Padres : RHP Eric Busby
|
|
Pitching: RHP Eric Busby
|
|
|
Batting: LHB Danny Salas
|
0-0: Ground out 4-3 (Groundball, 34, EV 87.5 MPH)
|
|
Batting: RHB Hyeok Shon
|
0-0: Swinging Strike 0-1: Foul Ball, location: 2F 0-2: Ball 1-2: Fly out, F7 (Flyball, 7LS, EV 86.2 MPH)
|
|
Batting: RHB Claude Leduc
|
0-0: Ball 1-0: Called Strike 1-1: Swinging Strike 1-2: Strikes out swinging
|
| Top of the 1st over - 0 runs, 0 hits, 0 errors, 0 left on base; Missoula 0 - San Diego (APP) 0 |
| BOTTOM OF THE 1ST |
|
San Diego (APP) Padres batting - Pitching for Missoula Osprey : LHP Cory Youngquist
|
|
Pitching: LHP Cory Youngquist
|
|
|
Batting: RHB Alex Collazo
|
0-0: Foul Ball, location: 2F 0-1: Ground out 6-3 (Groundball, 6, EV 88.1 MPH)
|
|
Batting: RHB Norinaga Yamakawakamatsu
|
0-0: Foul Ball, location: 2F 0-1: Foul Ball, location: 2F 0-2: Ball 1-2: Ground out 6-3 (Groundball, 6, EV 83.1 MPH)
|
|
Batting: LHB Justin Daley
|
0-0: Swinging Strike 0-1: Ball 1-1: Foul Ball, location: 2F 1-2: Strikes out swinging
|
| Bottom of the 1st over - 0 runs, 0 hits, 0 errors, 0 left on base; Missoula 0 - San Diego (APP) 0 |
| TOP OF THE 2ND |
|
Missoula Osprey batting - Pitching for San Diego (APP) Padres : RHP Eric Busby
|
|
Batting: RHB Jose Cuellar
|
0-0: Ball 1-0: Called Strike 1-1: Foul Ball, location: 2F 1-2: Ball 2-2: Foul Ball, location: 2F 2-2: Ground out 6-3 (Groundball, 6, EV 81.9 MPH)
|
|
Batting: LHB Angelo Lira
|
0-0: Called Strike 0-1: Called Strike 0-2: Strikes out swinging
|
|
Batting: LHB Falco van Koeveringe
|
0-0: Foul Ball, location: 2F 0-1: Foul Ball, location: 2F 0-2: Ground out 6-3 (Groundball, 6M, EV 103.1 MPH)
|
| Top of the 2nd over - 0 runs, 0 hits, 0 errors, 0 left on base; Missoula 0 - San Diego (APP) 0 |
| BOTTOM OF THE 2ND |
|
San Diego (APP) Padres batting - Pitching for Missoula Osprey : LHP Cory Youngquist
|
|
Batting: RHB Eric McMillian
|
0-0: Ball 1-0: Ball 2-0: Ball 3-0: Base on Balls
|
|
Batting: RHB Ed Oake
|
0-0: Ball 1-0: Foul Ball, location: 2F 1-1: Foul Ball, location: 2F 1-2: Foul Ball, location: 2F 1-2: Foul Ball, location: 2F 1-2: Foul Ball, location: 2F 1-2: Ball 2-2: Foul Ball, location: 2F 2-2: Ball 3-2: DOUBLE (Groundball, 5L, EV 105.0 MPH) Eric McMillian to third
|
|
Batting: RHB Brian DeVoe
|
0-0: Called Strike 0-1: Swinging Strike 0-2: Ball 1-2: Ball 2-2: Ball 3-2: Strikes out looking
|
|
Batting: RHB Gabriel Diaz
|
0-0: Ball 1-0: Foul Ball, location: 2F 1-1: Foul Ball, location: 2F 1-2: Strikes out swinging
|
|
Batting: LHB Gary Corrales
|
0-0: Ball 1-0: Swinging Strike 1-1: Foul Ball, location: 2F 1-2: Ball 2-2: Strikes out looking
|
| Bottom of the 2nd over - 0 runs, 1 hit, 0 errors, 2 left on base; Missoula 0 - San Diego (APP) 0 |
| TOP OF THE 3RD |
|
Missoula Osprey batting - Pitching for San Diego (APP) Padres : RHP Eric Busby
|
|
Batting: RHB Shing Mah
|
0-0: Ground out 6-3 (Groundball, 6M, EV 81.9 MPH)
|
|
Batting: RHB Hector Tabares
|
0-0: Called Strike 0-1: Ball 1-1: Ground out U3 (Groundball, 23, EV 85.0 MPH)
|
|
Batting: LHB Adam Spence
|
0-0: Ball 1-0: Ball 2-0: Foul Ball, location: 2F 2-1: Swinging Strike 2-2: Strikes out swinging
|
| Top of the 3rd over - 0 runs, 0 hits, 0 errors, 0 left on base; Missoula 0 - San Diego (APP) 0 |
| BOTTOM OF THE 3RD |
|
San Diego (APP) Padres batting - Pitching for Missoula Osprey : LHP Cory Youngquist
|
|
Batting: RHB Rod Johnson
|
0-0: Swinging Strike 0-1: Ground out 4-3 (Groundball, 34, EV 98.8 MPH)
|
|
Batting: RHB Alex Collazo
|
0-0: Ball 1-0: Ball 2-0: Called Strike 2-1: Called Strike 2-2: Ball 3-2: Foul Ball, location: 2F 3-2: Fly out, F4 (Popup, 4S, EV 66.2 MPH)
|
|
Batting: RHB Norinaga Yamakawakamatsu
|
0-0: Ball 1-0: Called Strike 1-1: Foul Ball, location: 2F 1-2: Foul Ball, location: 2F 1-2: Foul Ball, location: 2F 1-2: Fly out, F7 (Flyball, 7LD, EV 98.8 MPH)
|
| Bottom of the 3rd over - 0 runs, 0 hits, 0 errors, 0 left on base; Missoula 0 - San Diego (APP) 0 |
| TOP OF THE 4TH |
|
Missoula Osprey batting - Pitching for San Diego (APP) Padres : RHP Eric Busby
|
|
Batting: LHB Danny Salas
|
0-0: Fly out, F2 (Popup, 25F, EV 90.6 MPH)
|
|
Batting: RHB Hyeok Shon
|
0-0: Called Strike 0-1: Ball 1-1: Swinging Strike 1-2: Foul Ball, location: 2F 1-2: Foul Ball, location: 2F 1-2: Ball 2-2: Ball 3-2: Strikes out looking
|
|
Batting: RHB Claude Leduc
|
0-0: Ball 1-0: Called Strike 1-1: Ground out 4-3 (Groundball, 4, EV 82.5 MPH)
|
| Top of the 4th over - 0 runs, 0 hits, 0 errors, 0 left on base; Missoula 0 - San Diego (APP) 0 |
| BOTTOM OF THE 4TH |
|
San Diego (APP) Padres batting - Pitching for Missoula Osprey : LHP Cory Youngquist
|
|
Batting: LHB Justin Daley
|
0-0: Foul Ball, location: 2F 0-1: Ball 1-1: Ball 2-1: Called Strike 2-2: SINGLE (Flyball, 34D, EV 90.6 MPH)
|
|
Batting: RHB Eric McMillian
|
0-0: Ball 1-0: Fly out, F9 (Flyball, 89D, EV 110.6 MPH)
|
|
Batting: RHB Ed Oake
|
0-0: Fly out, F9 (Flyball, 9LS, EV 96.2 MPH)
|
|
Batting: RHB Brian DeVoe
|
0-0: Fly out, F5 (Line Drive, 56, EV 62.5 MPH)
|
| Bottom of the 4th over - 0 runs, 1 hit, 0 errors, 1 left on base; Missoula 0 - San Diego (APP) 0 |
| TOP OF THE 5TH |
|
Missoula Osprey batting - Pitching for San Diego (APP) Padres : RHP Eric Busby
|
|
Batting: RHB Jose Cuellar
|
0-0: Ball 1-0: Swinging Strike 1-1: Foul Ball, location: 2F 1-2: Ball 2-2: Strikes out swinging
|
|
Batting: LHB Angelo Lira
|
0-0: Called Strike 0-1: Hit by Pitch
|
|
Batting: LHB Falco van Koeveringe
|
0-0: Called Strike 0-1: Ball Passed Ball! Angelo Lira to second 1-1: Foul Ball, location: 2F 1-2: Fly out, F8 (Flyball, 8RS, EV 85.0 MPH)
|
|
Batting: RHB Shing Mah
|
0-0: Fly out, F4 (Popup, 4M, EV 60.0 MPH)
|
| Top of the 5th over - 0 runs, 0 hits, 0 errors, 1 left on base; Missoula 0 - San Diego (APP) 0 |
| BOTTOM OF THE 5TH |
|
San Diego (APP) Padres batting - Pitching for Missoula Osprey : LHP Cory Youngquist
|
|
Batting: RHB Gabriel Diaz
|
0-0: Ball 1-0: Ball 2-0: Foul Ball, location: 2F 2-1: Fly out, F8 (Flyball, 8RD, EV 104.4 MPH)
|
|
Batting: LHB Gary Corrales
|
0-0: Ball 1-0: Called Strike 1-1: Foul Ball, location: 2F 1-2: Ball 2-2: Foul Ball, location: 2F 2-2: Strikes out swinging, 2-3 out at first.
|
|
Batting: RHB Rod Johnson
|
0-0: Ball 1-0: Ball 2-0: Called Strike 2-1: Foul Ball, location: 2F 2-2: Foul Ball, location: 2F 2-2: Strikes out swinging
|
| Bottom of the 5th over - 0 runs, 0 hits, 0 errors, 0 left on base; Missoula 0 - San Diego (APP) 0 |
| TOP OF THE 6TH |
|
Missoula Osprey batting - Pitching for San Diego (APP) Padres : RHP Eric Busby
|
|
Batting: RHB Hector Tabares
|
0-0: Called Strike 0-1: Called Strike 0-2: Ball 1-2: Ball 2-2: Foul Ball, location: 2F 2-2: Ball 3-2: Strikes out swinging
|
|
Batting: LHB Adam Spence
|
0-0: Called Strike 0-1: Ball 1-1: Called Strike 1-2: Ball 2-2: Strikes out swinging
|
|
Batting: LHB Danny Salas
|
0-0: Fly out, F7 (Flyball, 78M, EV 72.5 MPH)
|
| Top of the 6th over - 0 runs, 0 hits, 0 errors, 0 left on base; Missoula 0 - San Diego (APP) 0 |
| BOTTOM OF THE 6TH |
|
San Diego (APP) Padres batting - Pitching for Missoula Osprey : LHP Cory Youngquist
|
|
Batting: RHB Alex Collazo
|
0-0: Ball 1-0: Foul Ball, location: 2F 1-1: Swinging Strike 1-2: Foul Ball, location: 2F 1-2: Ball 2-2: Foul Ball, location: 2F 2-2: SINGLE (Groundball, 34S, EV 65.6 MPH) (infield hit)
|
|
Batting: RHB Norinaga Yamakawakamatsu
|
0-0: Ball 1-0: Fly out, F8 (Flyball, 89M, EV 93.1 MPH)
|
|
Batting: LHB Justin Daley
|
0-0: Ball 1-0: Foul Ball, location: 2F 1-1: Called Strike 1-2: Ball 2-2: Fielders Choice at 2nd, 4-6 (Groundball, 4, EV 85.0 MPH)
|
|
Batting: RHB Eric McMillian
|
0-0: Ball 1-0: Called Strike 1-1: Foul Ball, location: 2F 1-2: SINGLE (Popup, 4MD, EV 66.2 MPH) Justin Daley to second
|
|
Pitching: RHP Sergio Reyes
|
|
|
Batting: RHB Ed Oake
|
0-0: Foul Ball, location: 2F 0-1: Ball 1-1: Ball 2-1: Ground out U3 (Groundball, 34, EV 86.9 MPH)
|
| Bottom of the 6th over - 0 runs, 2 hits, 0 errors, 2 left on base; Missoula 0 - San Diego (APP) 0 |
| TOP OF THE 7TH |
|
Missoula Osprey batting - Pitching for San Diego (APP) Padres : RHP Eric Busby
|
|
Batting: RHB Hyeok Shon
|
0-0: Called Strike 0-1: Swinging Strike 0-2: Ball 1-2: Strikes out looking
|
|
Batting: RHB Claude Leduc
|
0-0: Ball 1-0: SINGLE (Groundball, 4MD, EV 106.2 MPH)
|
|
Batting: RHB Jose Cuellar
|
0-0: Ball 1-0: Ball Claude Leduc is caught stealing 2nd base 2-4 2-0: Called Strike 2-1: Ball 3-1: Foul Ball, location: 2F 3-2: Foul Ball, location: 2F 3-2: Strikes out looking
|
| Top of the 7th over - 0 runs, 1 hit, 0 errors, 0 left on base; Missoula 0 - San Diego (APP) 0 |
| BOTTOM OF THE 7TH |
|
San Diego (APP) Padres batting - Pitching for Missoula Osprey : RHP Sergio Reyes
|
|
Batting: RHB Brian DeVoe
|
0-0: Ball 1-0: Called Strike 1-1: Called Strike 1-2: Foul Ball, location: 2F 1-2: Ground out 5-3 (Groundball, 5, EV 82.5 MPH)
|
|
Pinch Hitting: RHB Adrian Cook
|
0-0: Ball 1-0: Called Strike 1-1: Ball 2-1: Ball 3-1: Ground out 4-3 (Groundball, 4, EV 90.6 MPH)
|
|
Batting: LHB Gary Corrales
|
0-0: Ball 1-0: Ground out 6-3 (Groundball, 6, EV 83.8 MPH)
|
| Bottom of the 7th over - 0 runs, 0 hits, 0 errors, 0 left on base; Missoula 0 - San Diego (APP) 0 |
| TOP OF THE 8TH |
|
Missoula Osprey batting - Pitching for San Diego (APP) Padres : RHP Eric Busby
|
|
Now in CF: Adrian Cook
|
|
|
Batting: LHB Angelo Lira
|
0-0: Ball 1-0: SINGLE (Line Drive, 9LS, EV 108.8 MPH)
|
|
Batting: LHB Falco van Koeveringe
|
0-0: Called Strike 0-1: Ball Angelo Lira is caught stealing 2nd base 2-6 1-1: Ball 2-1: Ball 3-1: Base on Balls
|
|
Batting: RHB Shing Mah
|
0-0: Ball 1-0: Called Strike 1-1: Foul Ball, location: 2F 1-2: Strikes out swinging
|
|
Batting: RHB Hector Tabares
|
0-0: Called Strike 0-1: Swinging Strike 0-2: Ball 1-2: Strikes out swinging
|
| Top of the 8th over - 0 runs, 1 hit, 0 errors, 1 left on base; Missoula 0 - San Diego (APP) 0 |
| BOTTOM OF THE 8TH |
|
San Diego (APP) Padres batting - Pitching for Missoula Osprey : RHP Sergio Reyes
|
|
Pinch Hitting: RHB Brian Klinkner
|
0-0: Ball 1-0: Foul Ball, location: 2F 1-1: Foul Ball, location: 2F 1-2: Ball 2-2: Foul Ball, location: 2F 2-2: Ball 3-2: Foul Ball, location: 2F 3-2: Fly out, F7 (Flyball, 78S, EV 93.1 MPH)
|
|
Batting: RHB Alex Collazo
|
0-0: Ball 1-0: Ball 2-0: Ball 3-0: Base on Balls
|
|
Batting: RHB Norinaga Yamakawakamatsu
|
0-0: Sac Bunt to 23 - play at first, batter safe! Alex Collazo to second
|
|
Batting: LHB Justin Daley
|
0-0: Called Strike 0-1: Ball 1-1: Ball 2-1: Swinging Strike 2-2: Ball Wild Pitch! Alex Collazo to third Norinaga Yamakawakamatsu to second 3-2: Intentional Walk
|
|
Pitching: LHP Travis Osorio
|
|
|
Batting: RHB Eric McMillian
|
0-0: Called Strike 0-1: Called Strike 0-2: Strikes out swinging
|
|
Batting: RHB Ed Oake
|
0-0: Ball 1-0: Foul Ball, location: 2F 1-1: Ball 2-1: Fielders Choice at 2nd, 6-4 (Groundball, 6D, EV 78.8 MPH)
|
| Bottom of the 8th over - 0 runs, 1 hit, 0 errors, 3 left on base; Missoula 0 - San Diego (APP) 0 |
| TOP OF THE 9TH |
|
Missoula Osprey batting - Pitching for San Diego (APP) Padres : RHP Eric Busby
|
|
Pitching: RHP Chris Pisor
|
|
|
Now at C: Kevin Davis
|
|
|
Pinch Hitting: RHB Drew Sigona
|
0-0: Called Strike 0-1: Swinging Strike 0-2: Foul Ball, location: 2F 0-2: Ball 1-2: Strikes out swinging
|
|
Batting: LHB Danny Salas
|
0-0: Ball 1-0: Swinging Strike 1-1: Ball 2-1: Swinging Strike 2-2: Ball 3-2: Foul Ball, location: 2F 3-2: Strikes out looking
|
|
Pinch Hitting: LHB Nelson Pelico
|
0-0: Called Strike 0-1: Called Strike 0-2: Foul Ball, location: 2F 0-2: Strikes out swinging
|
| Top of the 9th over - 0 runs, 0 hits, 0 errors, 0 left on base; Missoula 0 - San Diego (APP) 0 |
| BOTTOM OF THE 9TH |
|
San Diego (APP) Padres batting - Pitching for Missoula Osprey : LHP Travis Osorio
|
|
Now in CF: Nelson Pelico
|
|
|
Now in RF: Drew Sigona
|
|
|
Pinch Hitting: RHB Phil McFadden
|
0-0: Ball 1-0: Ball 2-0: Ball 3-0: Called Strike 3-1: Called Strike 3-2: Ground out 4-3 (Groundball, 4M, EV 86.2 MPH)
|
|
Batting: RHB Adrian Cook
|
0-0: Ball 1-0: Ball 2-0: DOUBLE (Groundball, 5L, EV 93.8 MPH)
|
|
Batting: LHB Gary Corrales
|
0-0: Ball 1-0: Ball 2-0: Ball 3-0: Called Strike 3-1: Foul Ball, location: 2F 3-2: Strikes out looking
|
|
Batting: RHB Kevin Davis
|
0-0: Called Strike 0-1: Foul Ball, location: 2F 0-2: Ball 1-2: Foul Ball, location: 2F 1-2: Ground out 5-3 (Groundball, 56S, EV 71.2 MPH)
|
| Bottom of the 9th over - 0 runs, 1 hit, 0 errors, 1 left on base; Missoula 0 - San Diego (APP) 0 |
| TOP OF THE 10TH |
|
Missoula Osprey batting - Pitching for San Diego (APP) Padres : RHP Chris Pisor
|
|
Now at SS: Max Stillo
|
|
|
Batting: RHB Claude Leduc
|
0-0: Swinging Strike 0-1: Ball 1-1: Ball 2-1: Swinging Strike 2-2: Strikes out swinging
|
|
Batting: RHB Jose Cuellar
|
0-0: Swinging Strike 0-1: Ball 1-1: Called Strike 1-2: Strikes out looking
|
|
Batting: LHB Angelo Lira
|
0-0: Ball 1-0: Foul Ball, location: 2F 1-1: Called Strike 1-2: Fly out, F8 (Flyball, 89M, EV 91.9 MPH)
|
| Top of the 10th over - 0 runs, 0 hits, 0 errors, 0 left on base; Missoula 0 - San Diego (APP) 0 |
| BOTTOM OF THE 10TH |
|
San Diego (APP) Padres batting - Pitching for Missoula Osprey : LHP Travis Osorio
|
|
Pitching: LHP Bobby Manning
|
|
|
Batting: RHB Alex Collazo
|
0-0: Ball 1-0: SINGLE (Groundball, 4M, EV 99.4 MPH)
|
|
Batting: RHB Norinaga Yamakawakamatsu
|
0-0: Sac Bunt to 15S - play at first, batter OUT! 1-3 Alex Collazo to second
|
|
Batting: LHB Justin Daley
|
0-0: Called Strike 0-1: SINGLE (Groundball, 25, EV 69.4 MPH) (infield hit) Alex Collazo to third
|
|
Batting: RHB Eric McMillian
|
0-0: Fielders Choice at home, 3-2 (Groundball, 3, EV 93.1 MPH) Justin Daley to second
|
|
Batting: RHB Ed Oake
|
0-0: Ball 1-0: Swinging Strike 1-1: Foul Ball, location: 2F 1-2: Strikes out swinging
|
| Bottom of the 10th over - 0 runs, 2 hits, 0 errors, 2 left on base; Missoula 0 - San Diego (APP) 0 |
| TOP OF THE 11TH |
|
Missoula Osprey batting - Pitching for San Diego (APP) Padres : RHP Chris Pisor
|
|
Pitching: RHP Dave Waterman
|
|
|
Batting: LHB Falco van Koeveringe
|
0-0: Called Strike 0-1: Swinging Strike 0-2: Ball 1-2: Strikes out swinging
|
|
Pinch Hitting: LHB Jalen Williams
|
0-0: Called Strike 0-1: Foul Ball, location: 2F 0-2: Strikes out looking
|
|
Pinch Hitting: RHB Chris Jones
|
0-0: Ball 1-0: Ground out U3 (Groundball, 34S, EV 81.9 MPH)
|
| Top of the 11th over - 0 runs, 0 hits, 0 errors, 0 left on base; Missoula 0 - San Diego (APP) 0 |
| BOTTOM OF THE 11TH |
|
San Diego (APP) Padres batting - Pitching for Missoula Osprey : LHP Bobby Manning
|
|
Now at C: Chris Jones
|
|
|
Now at 3B: Carlos Gonzalez
|
|
|
Batting: RHB Max Stillo
|
0-0: Ball 1-0: Called Strike 1-1: Called Strike 1-2: Strikes out swinging
|
|
Batting: RHB Adrian Cook
|
0-0: Ball 1-0: Ball 2-0: Ball 3-0: Called Strike 3-1: Ground out 4-3 (Groundball, 4MS, EV 93.8 MPH)
|
|
Batting: LHB Gary Corrales
|
0-0: Foul Ball, location: 2F 0-1: SINGLE (Flyball, 89S, EV 88.1 MPH)
|
|
Batting: RHB Kevin Davis
|
0-0: Ball 1-0: Ball 2-0: Foul Ball, location: 2F 2-1: Swinging Strike 2-2: Fly out, F4 (Line Drive, 4, EV 62.5 MPH)
|
| Bottom of the 11th over - 0 runs, 1 hit, 0 errors, 1 left on base; Missoula 0 - San Diego (APP) 0 |
| TOP OF THE 12TH |
|
Missoula Osprey batting - Pitching for San Diego (APP) Padres : RHP Dave Waterman
|
|
Pinch Hitting: RHB Isaiah Hampton
|
0-0: Called Strike 0-1: Ball 1-1: Swinging Strike 1-2: Strikes out looking
|
|
Batting: LHB Danny Salas
|
0-0: Ball 1-0: Ground out 4-3 (Groundball, 4M, EV 109.4 MPH)
|
|
Batting: LHB Nelson Pelico
|
0-0: Foul Ball, location: 2F 0-1: Ball 1-1: Fly out, F9 (Flyball, 9D, EV 98.1 MPH)
|
| Top of the 12th over - 0 runs, 0 hits, 0 errors, 0 left on base; Missoula 0 - San Diego (APP) 0 |
| BOTTOM OF THE 12TH |
|
San Diego (APP) Padres batting - Pitching for Missoula Osprey : LHP Bobby Manning
|
|
Now in RF: Isaiah Hampton
|
|
|
Batting: RHB Alex Collazo
|
0-0: Called Strike 0-1: Ball 1-1: Ball 2-1: Ground out 6-3 (Groundball, 6M, EV 99.4 MPH)
|
|
Batting: RHB Norinaga Yamakawakamatsu
|
0-0: Called Strike 0-1: Foul Ball, location: 2F 0-2: Fly out, F8 (Flyball, 78D, EV 95.6 MPH)
|
|
Batting: LHB Justin Daley
|
0-0: Ground out 4-3 (Groundball, 34, EV 90.6 MPH)
|
| Bottom of the 12th over - 0 runs, 0 hits, 0 errors, 0 left on base; Missoula 0 - San Diego (APP) 0 |
| TOP OF THE 13TH |
|
Missoula Osprey batting - Pitching for San Diego (APP) Padres : RHP Dave Waterman
|
|
Batting: RHB Claude Leduc
|
0-0: Called Strike 0-1: SINGLE (Line Drive, 89S, EV 98.1 MPH)
|
|
Batting: RHB Jose Cuellar
|
0-0: Called Strike 0-1: SINGLE (Line Drive, 78S, EV 95.0 MPH) Claude Leduc to second
|
|
Batting: LHB Angelo Lira
|
0-0: Ball 1-0: Ball 2-0: Ball 3-0: Called Strike 3-1: Base on Balls Claude Leduc to third Jose Cuellar to second
|
|
Pitching: LHP Adelino Burns
|
|
|
Batting: LHB Falco van Koeveringe
|
0-0: Ball 1-0: Ball 2-0: Ball 3-0: Called Strike 3-1: Base on Balls Claude Leduc scores Jose Cuellar to third Angelo Lira to second
|
|
Pinch Hitting: RHB Edwin Romero
|
0-0: Called Strike 0-1: Swinging Strike 0-2: SINGLE (Groundball, 56D, EV 96.9 MPH) Jose Cuellar scores Angelo Lira to third Falco van Koeveringe to second
|
|
Batting: RHB Chris Jones
|
0-0: Called Strike 0-1: Ball 1-1: DOUBLE (Flyball, 8RD, EV 92.5 MPH) Angelo Lira scores Falco van Koeveringe scores Edwin Romero to third
|
|
Batting: RHB Isaiah Hampton
|
0-0: Called Strike 0-1: SINGLE (Groundball, 34D, EV 100.6 MPH) Edwin Romero scores Chris Jones to third
|
|
Batting: LHB Danny Salas
|
0-0: Ball Isaiah Hampton steals 2nd base 1-0: Foul Ball, location: 2F 1-1: Ball 2-1: Ball 3-1: Called Strike 3-2: Base on Balls
|
|
Pitching: RHP Danny Araiza
|
|
|
Batting: LHB Nelson Pelico
|
0-0: Ball 1-0: Ball 2-0: Called Strike 2-1: Grounds into double play, 4-6-3 (Groundball, 34, EV 82.5 MPH) Chris Jones scores Isaiah Hampton to third
|
|
Batting: RHB Claude Leduc
|
0-0: Called Strike 0-1: Ball 1-1: Ball 2-1: Ball 3-1: Base on Balls
|
|
Batting: RHB Jose Cuellar
|
0-0: Ball 1-0: 3-RUN HOME RUN (Line Drive, 7LD, EV 99.4 MPH), Distance : 392 ft
|
|
Batting: LHB Angelo Lira
|
0-0: Ball 1-0: Ball 2-0: Ground out 6-3 (Groundball, 6MD, EV 103.1 MPH)
|
| Top of the 13th over - 9 runs, 6 hits, 0 errors, 0 left on base; Missoula 9 - San Diego (APP) 0 |
| BOTTOM OF THE 13TH |
|
San Diego (APP) Padres batting - Pitching for Missoula Osprey : LHP Bobby Manning
|
|
Pitching: RHP Daryl Blair
|
|
|
Now at 3B: Devon House
|
|
|
Batting: RHB Eric McMillian
|
0-0: Called Strike 0-1: Ball 1-1: Foul Ball, location: 2F 1-2: SOLO HOME RUN (Flyball, 7LD, EV 90.6 MPH), Distance : 354 ft
|
|
Batting: RHB Ed Oake
|
0-0: Ball 1-0: Ball 2-0: Ball 3-0: Base on Balls
|
|
Batting: RHB Max Stillo
|
0-0: Ball 1-0: Ball 2-0: Fly out, F7 (Flyball, 7LM, EV 88.1 MPH)
|
|
Batting: RHB Adrian Cook
|
0-0: Called Strike 0-1: Ball 1-1: Ball 2-1: Ball 3-1: Fly out, F9 (Flyball, 9D, EV 105.6 MPH)
|
|
Batting: LHB Gary Corrales
|
0-0: Ball 1-0: Ball 2-0: Foul Ball, location: 2F 2-1: Called Strike 2-2: Ball 3-2: Foul Ball, location: 2F 3-2: Base on Balls Ed Oake to second
|
|
Pinch Hitting: RHB Jon Groseclose
|
0-0: Foul Ball, location: 2F 0-1: Foul Ball, location: 2F 0-2: Strikes out swinging
|
| Bottom of the 13th over - 1 run, 1 hit, 0 errors, 2 left on base; Missoula 9 - San Diego (APP) 1 |
|